 Dungeon Sprint DCSS version 0.29-a0-1006-g0dd7720b37 (webtiles) character file.

Game seed: 4178672274793282833

10538 mhtbhm the Scorcher (level 11, 0/60 (62) HPs)
             Began as a Deep Elf Fire Elementalist on Aug 6, 2022.
             Was the Champion of Vehumet.
             Slain by a shadow dragon (3 damage)
             ... in the Dungeon (Sprint V: "Ziggurat Sprint").
             The game lasted 00:13:06 (1437 turns).

mhtbhm the Scorcher (Deep Elf Fire Elementalist)    Turns: 1437, Time: 00:13:06

HP:   0/60 (62)     AC:  7    Str:  5    XL:     11   Next: 37%
MP:   14/33         EV: 20    Int: 31    God:    Vehumet [******]
Gold: 0             SH:  5    Dex: 19    Spells: 11/43 levels left

rFire   + + +      SeeInvis .   q - +8 lance "Wyrmbane" {slay drac, rPois rF+ rC+ AC+3}
rCold   + + .      Faith    .   (no shield)
rNeg    . . .      Spirit   .   a - +2 robe {rC+ rF+}
rPois   +          Reflect  +   (no helmet)
rElec   .          Harm     .   (no cloak)
rCorr   .          Rampage  .   (no gloves)
Will    +++..      NoTele   +   (no boots)
Stlth   +++++.....              y - amulet of reflection
HPRegen 0.20/turn               t - +6 ring of intelligence
MPRegen 0.23/turn               u - ring of Saniall {rF+ Will++ Dex+4}

@: studying 2 skills, lightly drained
A: no striking features
a: Renounce Religion


You were in the Dungeon.
You worshipped Vehumet.
Vehumet was exalted by your worship.
You visited 1 branch

Inventory:

Hand Weapons
 q - the +8 lance "Wyrmbane" (weapon) {slay drac, rPois rF+ rC+ AC+3}
   (You found it in the Dungeon)

   It inflicts extra damage against dragons and draconians.
   AC:        It affects your AC (+3).
   rF:        It protects you from fire.
   rC:        It protects you from cold.
   rPois:     It protects you from poison.
Armour
 a - a +2 robe of resistance (worn)
 r - the +18 shield of the Gong {rElec rN+ Will+ EV-5}
   (You found it in the Dungeon)

   It is deafeningly noisy when blocking attacks.
   EV:        It affects your evasion (-5).
   rElec:     It insulates you from electricity.
   rN:        It protects you from negative energy.
   Will:      It increases your willpower.
 B - the +0 robe of Liberty {rPois rF+ rN+ Int-5 Dex+3}
   (You found it in the Dungeon)

   Int:       It affects your intelligence (-5).
   Dex:       It affects your dexterity (+3).
   rF:        It protects you from fire.
   rPois:     It protects you from poison.
   rN:        It protects you from negative energy.
 C - the +3 robe of Clouds {*Thunder rCloud rElec}
   (You found it in the Dungeon)

   It occasionally creates storm clouds above nearby enemies.
   It grants its wearer immunity to clouds.
   rElec:     It insulates you from electricity.
 G - a scarf of shadows
Jewellery
 t - a +6 ring of intelligence (left hand)
 u - the ring of Saniall (right hand) {rF+ Will++ Dex+4}
   (You found it in the Dungeon)

   [ring of protection from fire]

   Dex:       It affects your dexterity (+4).
   rF:        It protects you from fire.
   Will:      It greatly increases your willpower.
 v - an amulet of magic regeneration
 y - an amulet of reflection (around neck)
 E - a ring of magical power
 H - a ring of wizardry
Wands
 x - a wand of mindburst (7)
 z - a wand of acid (2)
Scrolls
 g - a scroll of blinking
 m - 4 scrolls of amnesia
 n - 7 scrolls of butterflies
 o - 5 scrolls of identify
 p - 2 scrolls of fear
Potions
 b - 8 potions of magic
 c - 8 potions of curing
 d - a potion of heal wounds
 e - 6 potions of haste
 f - 3 potions of berserk rage
 h - 2 potions of brilliance
 i - 2 potions of invisibility
 j - 4 potions of resistance
 k - a potion of experience
 l - 5 potions of might
Miscellaneous
 s - a phantom mirror
 w - a tin of tremorstones (2/2)
 A - a lightning rod (4/4)
 D - a phial of floods


   Skills:
 + Level 4.9 Fighting
 + Level 4.8 Polearms
 + Level 12.5 Dodging
 + Level 10.8 Stealth
 + Level 2.9 Shields
 + Level 16.9 Spellcasting
 + Level 6.7 Conjurations
 + Level 1.8 Hexes
 + Level 5.4 Transmutations
 + Level 17.8 Fire Magic
 + Level 2.1 Air Magic
 + Level 1.7 Poison Magic
 + Level 9.6 Evocations


You had 11 spell levels left.
You knew the following spells:

 Your Spells              Type           Power      Damage    Failure   Level
a - Foxfire               Conj/Fire      100%       2x1d9     0%          1
b - Scorch                Fire           100%       2d10      0%          2
c - Conjure Flame         Conj/Fire      80%        6-21      1%          3
d - Inner Flame           Hex/Fire       72%        N/A       1%          3
e - Flame Wave            Conj/Fire      80%        2d17      1%          4
f - Wereblood             Tmut           56%        N/A       1%          2
g - Iron Shot             Conj/Erth      23%        9d5       16%         6
h - Ignite Poison         Fire/Tmut/Pois 67%        N/A       1%          3
i - Mephitic Cloud        Conj/Pois/Air  48%        N/A       1%          3
j - Fireball              Conj/Fire      40%        3d16      1%          5

Your spell library contained the following spells:

 Spells                   Type           Power      Damage    Failure   Level
 Freezing Cloud           Conj/Ice/Air   22%        6-21      3%          5
 Magic Dart               Conj           100%       1d8       1%          1
 Sting                    Tmut/Pois      100%       1d8       1%          1
 Poisonous Vapours        Pois/Air       76%        N/A       1%          2
 Searing Ray              Conj           100%       2d8       1%          2
 Fulminant Prism          Conj/Hex       26%        3d14      1%          4
 Irradiate                Conj/Tmut      29%        3d21      1%          5
 Iskenderun's Battlesphe  Conj           62%        2d11      1%          5
 Blink                    Tloc           52%        N/A       2%          2
 Sublimation of Blood     Necr           26%        N/A       2%          2
 Confusing Touch          Hex            37%        N/A       2%          3
 Tukima's Dance           Hex            37%        N/A       2%          3
 Olgreb's Toxic Radiance  Pois           37%        N/A       2%          4
 Yara's Violent Unravell  Hex/Tmut       24%        3d11      2%          5
 Teleport Other           Tloc           26%        N/A       4%          3
 Petrify                  Tmut/Erth      43%        N/A       5%          4
 Passage of Golubria      Tloc           26%        N/A       16%         4
 Eringya's Noxious Bog    Tmut/Pois      24%        N/A       16%         6
 Spellforged Servitor     Conj/Summ      23%        N/A       61%         7
 Summon Cactus Giant      Summ           13%        N/A       94%         6
 Enfeeble                 Hex            18%        N/A       100%        7
 Summon Hydra             Summ           13%        N/A       100%        7
 Disjunction              Tloc           13%        N/A       100%        8


Dungeon Overview and Level Annotations

Branches:
Dungeon (1/1)

Altars:
Ashenzari
Cheibriados
Dithmenos
Elyvilon
Fedhas
Gozag
Hepliaklqana
Kikubaaqudgha
Makhleb
Nemelex Xobeh
Okawaru
Qazlal
Ru
Sif Muna
Trog
Uskayaw
Vehumet
Wu Jian
Xom
Yredelemnul
Zin
The Shining One
Jiyva
Lugonu

Annotations:
D 1 transporter


Message History

The shadow dragon breathes negative energy at you.
The bolt of negative energy misses you. The ghoul barely misses you.
The ghoul closely misses you. The soul eater closely misses you.
Unknown command.
Casting: Flame Wave (safe; 1% risk of failure)
Confirm with . or Enter, or press ? or * to list all spells.
Casting: Flame Wave (safe; 1% risk of failure)
Press: ? - help, Dir - look around, f - activate A wave of flame ripples out!
The flame wave engulfs the ghoul!
The ghoul is severely damaged.
The flame wave engulfs the soul eater!
The soul eater is moderately wounded.
The flame wave engulfs the shadow dragon!!
The shadow dragon is severely wounded.
The flame wave engulfs the soul eater but does no damage.
The soul eater is heavily wounded. (Press . to intensify the flame waves.)
The soul eater hits you but does no damage.
The shadow dragon bites you! The shadow dragon closely misses you.
The shadow dragon completely misses you.
The soul eater hits you but does no damage.
The ghoul claws you!
* * * LOW HITPOINT WARNING * * *
The ghoul misses you.
A wave of flame ripples out!
The flame wave engulfs the ghoul!
The ghoul is severely damaged.
The flame wave engulfs the soul eater!
The soul eater is heavily wounded.
The flame wave engulfs the shadow dragon!!
The shadow dragon is almost dead.
The flame wave engulfs the soul eater.
The soul eater is heavily wounded.
The ghoul misses you. The ghoul completely misses you.
You block the soul eater's attack. The shadow dragon bites you!
* * * LOW HITPOINT WARNING * * *
You feel drained.
* * * LOW HITPOINT WARNING * * *
The shadow dragon claws you but does no damage.
The shadow dragon claws you.
You die...

▓▓▓▓▓▓▓▓▓▓▓▓
▓...8©8...▓...8©8...▓.
▓..:))||}.▓...†.)...▓.
▓..[:?)}..▓...)=)...▓.
▓.........▓.........▓.
▓.........▓...†.....▓.
▓.........▓...†.....▓.
▓...nD3...▓.........▓.
▓..▓.@3▓..▓....††...▓.
▓.▓.....▓.▓.........▓.
▓....©....▓....©....▓▓
▓▓▓▓▓▓▓▓▓▓▓▓▓▓▓▓▓▓▓▓▓


You could see a ghoul, a shadow dragon and 2 soul eaters.

Vanquished Creatures
  A tentacled starspawn (D)
  2 centaur warriors (D)
  2 soul eaters (D)
  An orb spider (shapeshifter) (D)
  3 draconians (D)
  4 cyclopes (D)
  A guardian serpent (shapeshifter) (D)
  2 large abominations (D)
  2 yaktaurs (D)
  A slime creature (shapeshifter) (D)
  A jumping spider (D)
  A spriggan (shapeshifter) (D)
  A golden eye (D)
  A chaos spawn (D)
  A redback (D)
  A neqoxec (D)
  A swamp worm (shapeshifter) (D)
  A naga (D)
  2 floating eyes (shapeshifter) (D)
  A floating eye (D)
  A hell hound (D)
  A black bear (shapeshifter) (D)
  4 wolves (D)
  A centaur (D)
  4 scorpions (D)
  A howler monkey (shapeshifter) (D)
  A crimson imp (D)
  A quasit (D)
  An orc priest (D)
  5 jellies (D)
  3 iron imps (D)
  An orc wizard (D)
  2 adders (D)
  3 white imps (D)
  2 ufetubi (D)
  3 orcs (D)
  A ball python (D)
  A bat skeleton (D)
  A jackal skeleton (D)
  A quokka skeleton (D)
  A quokka zombie (D)
  A spectral ball python (D)
  A spectral quokka (D)
  3 starspawn tentacles (D)
74 creatures vanquished.

Vanquished Creatures (others)
  2 foxfires (D)
  A starspawn tentacle (D)
3 creatures vanquished.

Grand Total: 77 creatures vanquished

Notes
Turn   | Place    | Note
-------+----------+-------------------------------------------
     0 | D        | mhtbhm the Deep Elf Fire Elementalist began the quest for
                  | the Orb.
     0 | D        | Reached XP level 1. HP: 10/10 MP: 6/6
     0 | D        | Found a shimmering blue altar of Sif Muna.
     0 | D        | Found a bloodstained altar of Trog.
     0 | D        | Found a sacrificial altar of Ru.
     0 | D        | Found a stormy altar of Qazlal.
     0 | D        | Found an iron altar of Okawaru.
     1 | D        | Found a sparkling altar of Nemelex Xobeh.
     1 | D        | Found a blossoming altar of Fedhas.
     1 | D        | Found the +6 Majin-Bo {vamp, MP+6 Int+6}
     1 | D        | Found the +9 heavy crossbow "Sniper" {vorpal, Acc+∞ SInv}
     1 | D        | Found the +10 dark maul {vorpal}
     1 | D        | Found the +15 Maxwell's patent armour {-Cast -Tele rElec
                  | Will+ rCorr}
     1 | D        | Found the +18 shield of the Gong {rElec rN+ Will+ EV-5}
     1 | D        | Found the +14 obsidian axe {vorpal, Mesm Drain Fly SInv}
     1 | D        | Found the +7 great mace "Firestarter" {inner flame, rF++}
     1 | D        | Found the +6 shillelagh "Devastator" {shatter}
     1 | D        | Found the +11 plutonium sword {Contam Stlth-}
     1 | D        | Found the +8 lance "Wyrmbane" {slay drac, rPois rF+ rC+
                  | AC+3}
     1 | D        | Found the +9 sword of Zonguldrok {reap}
     1 | D        | Found the +13 scythe of Curses {drain, Drain}
     1 | D        | Found the +5 sword of Power {vorpal}
     1 | D        | Found the +7 mace of Variability {chain chaos}
     1 | D        | Found the +7 Singing Sword {vorpal, sonic wave}
     1 | D        | Found the +8 storm bow {elec, penet}
     3 | D        | Found a transporter.
     3 | D        | Found an ancient bone altar of Kikubaaqudgha.
     3 | D        | Found a viscous altar of Jiyva.
     3 | D        | Found a corrupted altar of Lugonu.
     3 | D        | Found a hazy altar of Hepliaklqana.
     3 | D        | Found a burning altar of Makhleb.
     3 | D        | Found an opulent altar of Gozag.
    34 | D        | Became a worshipper of Vehumet
    70 | D        | Entered arena 2.
    70 | D        | Noticed a hell hound
    70 | D        | Found a transporter.
    73 | D        | Killed a hell hound
    74 | D        | Reached skill level 5 in Spellcasting
    74 | D        | Reached skill level 8 in Fire Magic
    74 | D        | Reached skill level 1 in Evocations
    74 | D        | Reached XP level 2. HP: 4/15 MP: 6/10
    74 | D        | Reached XP level 3. HP: 6/19 MP: 7/12
    74 | D        | Reached XP level 4. HP: 7/24 MP: 7/13
   284 | D        | Learned a level 2 spell: Scorch
   288 | D        | Learned a level 3 spell: Conjure Flame
   292 | D        | Learned a level 3 spell: Inner Flame
   297 | D        | Learned a level 4 spell: Flame Wave
   298 | D        | Entered arena 3.
   298 | D        | Noticed a draconian
   298 | D        | Noticed a draconian
   298 | D        | Noticed a draconian
   298 | D        | Found a transporter.
   305 | D        | Killed a draconian
   305 | D        | Reached * piety under Vehumet
   305 | D        | Offered knowledge of Freeze by Vehumet.
   305 | D        | Killed a draconian
   306 | D        | Reached skill level 10 in Spellcasting
   306 | D        | Reached skill level 13 in Fire Magic
   306 | D        | Reached XP level 5. HP: 28/28 MP: 13/19
   306 | D        | Reached XP level 6. HP: 32/32 MP: 14/21
   306 | D        | Reached XP level 7. HP: 36/36 MP: 14/22
   306 | D        | Killed a draconian
   307 | D        | Reached skill level 14 in Fire Magic
   307 | D        | Reached XP level 8. HP: 41/41 MP: 14/24
   429 | D        | Entered arena 4.
   429 | D        | Found a transporter.
   432 | D        | Reached ** piety under Vehumet
   434 | D        | Reached skill level 5 in Evocations
   460 | D        | Learned a level 2 spell: Wereblood
   476 | D        | Entered arena 5.
   476 | D        | Found a transporter.
   480 | D        | Offered knowledge of Static Discharge by Vehumet.
   481 | D        | Reached *** piety under Vehumet
   482 | D        | Reached skill level 15 in Fire Magic
   513 | D        | Entered arena 6.
   513 | D        | Found a transporter.
   516 | D        | Reached **** piety under Vehumet
   571 | D        | Entered arena 7.
   571 | D        | Noticed a large abomination
   577 | D        | Reached ***** piety under Vehumet
   580 | D        | Reached skill level 1 in Transmutations
   581 | D        | Killed a large abomination
   582 | D        | Reached XP level 9. HP: 27/45 MP: 10/27
   584 | D        | Reached skill level 16 in Fire Magic
   587 | D        | Found a transporter.
   608 | D        | Learned a level 6 spell: Iron Shot
   698 | D        | Entered arena 8.
   700 | D        | Offered knowledge of Ignite Poison by Vehumet.
   701 | D        | Found a transporter.
   708 | D        | Reached ****** piety under Vehumet
   929 | D        | Got the +0 robe of Liberty {rPois rF+ rN+ Int-5 Dex+3}
   944 | D        | Learned a level 3 spell: Ignite Poison
   945 | D        | Entered arena 9.
   946 | D        | Offered knowledge of Mephitic Cloud by Vehumet.
   947 | D        | Reached skill level 1 in Fighting
   947 | D        | Reached skill level 1 in Polearms
   947 | D        | Found a transporter.
  1110 | D        | Learned a level 3 spell: Mephitic Cloud
  1110 | D        | Entered arena 10.
  1110 | D        | Noticed a tentacled starspawn
  1111 | D        | Found a transporter.
  1114 | D        | Offered knowledge of Fireball by Vehumet.
  1124 | D        | Killed a tentacled starspawn
  1125 | D        | Reached skill level 10 in Dodging
  1125 | D        | Reached XP level 10. HP: 51/54 MP: 30/30
  1132 | D        | Got the ring "Joer" {rPois rF- rC- Str+6 Dex+9}
  1148 | D        | Entered arena 11.
  1148 | D        | Found the ring of Shadows {Umbra +Inv Stlth+}
  1148 | D        | Noticed a centaur warrior
  1148 | D        | Noticed a centaur warrior
  1148 | D        | Noticed a cyclops
  1148 | D        | Noticed a cyclops
  1148 | D        | Noticed a cyclops
  1148 | D        | Noticed a cyclops
  1150 | D        | Killed a cyclops
  1151 | D        | Reached skill level 17 in Fire Magic
  1151 | D        | Killed a centaur warrior
  1152 | D        | Reached skill level 1 in Shields
  1152 | D        | Reached skill level 1 in Hexes
  1152 | D        | Killed a centaur warrior
  1152 | D        | Killed a cyclops
  1153 | D        | Reached skill level 15 in Spellcasting
  1153 | D        | Reached skill level 5 in Conjurations
  1153 | D        | Reached skill level 5 in Transmutations
  1153 | D        | Reached skill level 1 in Air Magic
  1154 | D        | Reached skill level 10 in Stealth
  1154 | D        | Reached skill level 1 in Poison Magic
  1154 | D        | Found a transporter.
  1157 | D        | Killed a cyclops
  1160 | D        | Killed a cyclops
  1161 | D        | Reached XP level 11. HP: 39/61 MP: 32/32
  1225 | D        | Got the Teachings on Transposed Toxicity
  1238 | D        | Got Sif Muna's Precepts of the Flamy Tesseract
  1245 | D        | Learned a level 5 spell: Fireball
  1272 | D        | Entered arena 12.
  1272 | D        | Noticed a glowing orange brain
  1272 | D        | Noticed a deep troll
  1272 | D        | a merfolk changed into a deep troll
  1272 | D        | Noticed a steelbarb worm
  1273 | D        | Identified the ring of Vicutrir {Ice rElec Str+2 Dex+4}
  1273 | D        | Found the +3 robe of Clouds {*Thunder rCloud rElec}
  1273 | D        | Noticed a shock serpent
  1273 | D        | a glowing orange brain changed into a shock serpent
  1274 | D        | Noticed a lindwurm
  1274 | D        | a steelbarb worm changed into a lindwurm
  1274 | D        | Noticed a shining eye
  1274 | D        | an eye of devastation changed into a shining eye
  1274 | D        | Noticed a steelbarb worm
  1274 | D        | a shock serpent changed into a steelbarb worm
  1274 | D        | Noticed an orb spider
  1274 | D        | a torpor snail changed into an orb spider
  1275 | D        | a shining eye changed into a water nymph
  1275 | D        | Noticed a shock serpent
  1275 | D        | an orb spider changed into a shock serpent
  1277 | D        | a lindwurm changed into a merfolk
  1278 | D        | Offered knowledge of Ozocubu's Refrigeration by Vehumet.
  1278 | D        | a deep troll changed into a slime creature
  1280 | D        | Noticed a lindwurm
  1280 | D        | a merfolk changed into a lindwurm
  1281 | D        | a steelbarb worm changed into a floating eye
  1284 | D        | Found a transporter.
  1284 | D        | Noticed a deep troll
  1284 | D        | a shock serpent changed into a deep troll
  1285 | D        | Noticed an orb spider
  1285 | D        | a lindwurm changed into an orb spider
  1285 | D        | Noticed a two-headed ogre
  1285 | D        | a swamp worm changed into a two-headed ogre
  1287 | D        | Killed an orb spider
  1287 | D        | Noticed a swamp dragon
  1287 | D        | a two-headed ogre changed into a swamp dragon
  1287 | D        | a deep troll changed into a moth of wrath
  1289 | D        | a swamp dragon changed into a merfolk
  1291 | D        | Paralysed by a floating eye for 2 turns
  1292 | D        | Noticed a shock serpent
  1292 | D        | a floating eye changed into a shock serpent
  1293 | D        | HP: 1/62 [shock serpent (glowing shapeshifter) (14)]
  1295 | D        | a shock serpent changed into an elephant
  1306 | D        | Got the ring of Saniall {rF+ Will++ Dex+4}
  1424 | D        | Entered arena 13.
  1424 | D        | Noticed a shadow dragon
  1424 | D        | Noticed a soul eater
  1425 | D        | Noticed a ghoul
  1425 | D        | Noticed a soul eater
  1425 | D        | Noticed a soul eater
  1425 | D        | Noticed a soul eater
  1426 | D        | Found a transporter.
  1427 | D        | Offered knowledge of Freezing Cloud by Vehumet.
  1433 | D        | Killed a soul eater
  1433 | D        | Killed a soul eater
  1437 | D        | HP: 3/60 [shadow dragon (3)]
  1437 | D        | Slain by a shadow dragon

Illustrated notes

Levels and vault maps discovered:
D:        sprint_v [room_start, room_1, room_2, room_3, room_4, room_5, room_6,
          room_7, room_8, room_9, room_10, room_11, room_12, room_13, room_14,
          room_15, room_16, room_17, room_18, room_19, room_20, room_21,
          room_22, room_23, room_24, room_25, room_26, room_27]

Skill      XL: |  1  2  3  4  5  6  7  8  9 10 11 |
---------------+----------------------------------+-----
Dodging        | 4 7 8 9 10 11 12 | 12.5
Stealth        | 4 7 8 9 10 | 10.8
Spellcasting   | 5 10 12 14 15 16 | 16.9
Fire Magic     | 8 13 14 15 16 17 | 17.8
Evocations     | 1 4 5 7 8 9 |  9.6
Conjurations   | 2 4 5 6 |  6.7
Transmutations | 1 4 5 |  5.4
Fighting       | 2 4 |  4.9
Polearms       | 2 4 |  4.8
Shields        | 2 |  2.9
Hexes          | 1 |  1.8
Air Magic      | 1 2 |  2.1
Poison Magic   | 1 |  1.7

Action                   |  1- 3 |  4- 6 |  7- 9 | 10-12 || total
-------------------------+-------+-------+-------+-------++-------
Melee: Lance             |       |       |    17 |     3 ||    20
 Cast: Flame Wave        |       |       |    10 |     5 ||    15
       Wereblood         |       |       |     3 |       ||     3
       Scorch            |       |       |     2 |     3 ||     5
       Foxfire           |       |       |     1 |       ||     1
       Iron Shot         |       |       |     1 |       ||     1
       Inner Flame       |       |       |     1 |       ||     1
       Mephitic Cloud    |       |       |       |     3 ||     3
       Fireball          |       |       |       |     6 ||     6
Evoke: Wand              |     2 |     6 |     1 |     3 ||    12
       Lightning rod     |     1 |       |     4 |     3 ||     8
       Tin of tremorston |       |       |     1 |     2 ||     3
       Phantom mirror    |       |       |     1 |     1 ||     2
  Use: Scroll            |       |     1 |     1 |     1 ||     3
       Potion            |       |       |     4 |     7 ||    11
Armor: Robe              |       |       |    11 |     9 ||    20
Dodge: Dodged            |     1 |       |    44 |    28 ||    73
Block: Other             |       |       |     2 |     9 ||    11
       Reflection        |       |       |       |     3 ||     3

Table legend: (Time is in decaauts)
 A = Elapsed time spent in this place.
 B = Non-inter-level travel time spent in this place.
 C = Inter-level travel time spent in this place.
 D = Time resting spent in this place.
 E = Time spent auto-exploring this place.
 F = Levels seen in this place.
 G = Mean time per level.
                   A        B        C        D        E       F      G
               +--------+--------+--------+--------+--------+-----+--------+
         Total |   1434 |   1434 |      0 |    948 |      0 |   1 | 1434.0 |
       Dungeon |   1434 |   1434 |      0 |    948 |      0 |   1 | 1434.0 |
               +--------+--------+--------+--------+--------+-----+--------+

Top non-repeatable levels by time:
       D: 1434 daAuts
